 Dungeon Crawl Stone Soup version 0.30-a0-634-g8abc85282e (webtiles) character file.

Game seed: 4314786366311464388

42 Leeroy the Slasher (level 3, 0/21 HPs)
             Began as a Tengu Warper on Jan 14, 2023.
             Slain by a goblin
             ... wielding a +0 dagger
              (2 damage)
             ... on level 2 of the Dungeon.
             The game lasted 00:00:40 (1005 turns).

Leeroy the Slasher (Tengu Warper)                   Turns: 1005, Time: 00:00:41

Health: 0/21       AC:  3    Str: 11    XL:     3   Next: 54%
Magic:  7/7        EV: 12    Int: 13    God:
Gold:   27         SH:  0    Dex: 15    Spells: 6/6 levels left

rFire   . . .      SeeInvis .    a - +0 falchion
rCold   . . .      Faith    .    (no shield)
rNeg    . . .      Spirit   .    b - +0 leather armour
rPois   .          Reflect  .    (helmet restricted)
rElec   .          Harm     .    (no cloak)
rCorr   .          Rampage  .    (no gloves)
Will    .....                    (boots unavailable)
Stlth   +                        (no amulet)
HPRegen 0.23/turn                (no ring)
MPRegen 0.10/turn                (no ring)

@: very slow
A: beak, talons 3
a: no special abilities


You were on level 2 of the Dungeon.
You visited 1 branch of the dungeon, and saw 2 of its levels.

You collected 27 gold pieces.

Inventory:

Hand Weapons
 a - a +0 falchion (weapon)
Missiles
 d - 7 boomerangs of dispersal (quivered)
Armour
 b - a +0 leather armour (worn)
Scrolls
 c - a scroll of blinking
 e - 2 scrolls of enchant armour {unknown}
 f - a scroll of immolation {unknown}
 i - a scroll of amnesia {unknown}
 j - 2 scrolls of identify {unknown}
Potions
 g - a potion of mutation {unknown}
 h - a potion of heal wounds {unknown}


   Skills:
 - Level 2.0 Fighting
 + Level 4.2 Long Blades
 - Level 1.0 Throwing
 - Level 1.1 Armour
 - Level 2.1 Dodging
 - Level 2.0 Spellcasting
 - Level 2.4 Translocations


You had 6 spell levels left.
You didn't know any spells.
Your spell library contained the following spells:

 Spells                   Type           Power      Damage    Failure   Level
 Blink                    Tloc           14%        N/A       19%         2
 Lesser Beckoning         Tloc           14%        N/A       36%         3
 Teleport Other           Tloc           7%         N/A       36%         3
 Vhi's Electric Charge    Tloc/Air       8%         N/A       52%         3
 Manifold Assault         Tloc           7%         N/A       77%         4


Dungeon Overview and Level Annotations

Branches:
Dungeon (2/15)

Altars:

Annotations:
D:2 Robin


Innate Abilities, Weirdness & Mutations

You have a beak for a mouth.
You have claws for feet.


Message History

You hear a splash.
Robin throws the goblin at you!
A hobgoblin comes into view.
The goblin splashes around in the water.
You hit the hobgoblin.
The hobgoblin is almost dead.
Robin throws the goblin at you! The goblin barely misses you. x2
The hobgoblin splashes around in the water.
Your unstable footing causes you to fumble your attack.
The goblin hits you but does no damage. x2; The hobgoblin barely misses you.
A goblin comes into view. It is wielding a +0 dagger.
Your unstable footing causes you to fumble your attack.
The goblin shouts!
The goblin unwields a +0 club.
The goblin wields a +0 sling.
The goblin shoots a sling bullet.
The sling bullet hits you. The goblin completely misses you.
The goblin splashes around in the water.
Robin roars a battlecry!
The goblins go into a battle-frenzy!
The hobgoblin closely misses you.
You hit the goblin. You punch the goblin.
You kill the goblin!
You hear a splash.
The goblin hits you with a +0 dagger.
The goblin shoots a sling bullet.
The sling bullet closely misses you.
The sling bullet hits the plant!
The plant begins to die.
Robin throws the goblin at you! The hobgoblin closely misses you.
Your unstable footing causes you to fumble your attack.
The goblin barely misses you.
The goblin shoots a sling bullet.
The sling bullet hits you. The goblin closely misses you.
The hobgoblin hits you. The goblin closely misses you.
Your unstable footing causes you to fumble your attack.
The goblin hits you with a +0 dagger.
The goblin shoots a sling bullet.
The sling bullet barely misses you.
The sling bullet misses the goblin.
The sling bullet hits the plant.
The hobgoblin hits you.
* * * LOW HITPOINT WARNING * * *
Robin throws the goblin at you!
* * * LOW HITPOINT WARNING * * *
The goblin hits you with a +0 dagger.
You die...

~~~♣~~~~♣~P♣
....~♣♣~~~P~~P~~~~~~♣♣♣♣
....~~~~P~~~♣≈~≈~~~~~~~~
..g♣~P~P♣~~≈~≈≈≈≈≈P≈~~~~
.gg~~~~~~~≈≈≈≈≈≈≈≈≈~~~~
♣~gPg~~≈≈≈≈≈≈≈≈≈≈≈≈≈~~
♣~~~~P~≈≈≈≈≈≈≈≈≈≈≈≈≈P~
♣~~ggg~~≈≈≈≈≈≈≈≈≈≈≈~~P
♣~~g@♣~~~≈≈≈≈≈≈≈≈≈♣~~
...~♣~g♣g~~≈~≈≈≈≈≈≈≈~~~~
# .P~♣~~~~~PP≈≈≈~~~P~~~~
#.. ♣♣♣~♣~~~PPP~P~♣~♣~♣
## ♣♣♣P~♣♣~~~~♣~~P♣.
#♣~~~P~♣~♣##...
######### ####


You could see Robin, 3 hobgoblins and 7 goblins.

Vanquished Creatures
  An adder (D:2)
  A dart slug (D:1)
  3 endoplasms
  2 giant cockroaches (D:1)
  8 goblins
  A hobgoblin (D:2)
  2 jackals (D:2)
  A quokka (D:1)
  3 ball pythons
  A bat (D:1)
  2 frilled lizards
  A kobold (D:1)
  A rat (D:2)
27 creatures vanquished.

Vanquished Creatures (others)
  4 plants (D:2)
4 creatures vanquished.

Grand Total: 31 creatures vanquished

Notes
Turn   | Place    | Note
-------+----------+-------------------------------------------
     0 | D:1      | Leeroy the Tengu Warper began the quest for the Orb.
     0 | D:1      | Reached XP level 1. HP: 12/12 MP: 4/4
   239 | D:1      | Reached skill level 3 in Long Blades
   239 | D:1      | Reached XP level 2. HP: 16/17 MP: 6/6
   864 | D:2      | Reached XP level 3. HP: 17/21 MP: 7/7
   922 | D:2      | Reached skill level 4 in Long Blades
   995 | D:2      | Identified the +2 helmet of Dice, Bag, and Bottle {+Inv
                  | Str-4 Dex+5 Slay-5}
   995 | D:2      | Noticed Robin
  1005 | D:2      | Slain by a goblin

Illustrated notes

Levels and vault maps discovered:
D:1:      psy_arrival_fountain, layout_basic, minmay_misc_feat_doors,
          chequers_big_river, hangedman_feature_mirror
D:2:      layout_basic, serial_shops, nicolae_square_shop, serial_bayou_lake_a,
          uniq_natasha, uniq_robin, uniq_jessica

Skill      XL: |  1  2  3 |
---------------+----------+-----
Long Blades    | 3 4 |  4.2
Fighting       | |  2.0
Throwing       | |  1.0
Armour         | |  1.1
Dodging        | |  2.1
Spellcasting   | |  2.0
Translocations | |  2.4

Action                   || total
-------------------------++-------
Melee: Falchion          ||    57
       Kick              ||     9
       Peck              ||     4
       Punch             ||     1
Armor: Leather armour    ||     6
Dodge: Dodged            ||    48

Table legend: (Time is in decaauts)
 A = Elapsed time spent in this place.
 B = Non-inter-level travel time spent in this place.
 C = Inter-level travel time spent in this place.
 D = Time resting spent in this place.
 E = Time spent auto-exploring this place.
 F = Levels seen in this place.
 G = Mean time per level.
                   A        B        C        D        E       F      G
               +--------+--------+--------+--------+--------+-----+--------+
         Total |   1036 |   1010 |     26 |      0 |    870 |   2 |  518.0 |
       Dungeon |   1036 |   1010 |     26 |      0 |    870 |   2 |  518.0 |
               +--------+--------+--------+--------+--------+-----+--------+

Top non-repeatable levels by time:
     D:1: 843 daAuts
     D:2: 192 daAuts
